AoeStats
← forsan

Arabia

506962555Analyzed
1v1 RM · 18d ago on Sep 16, 2026· 35m 32s· 2 players
Game mode
Random Map
Map size
Tiny (2 player)
Population
200
Speed
Normal
Resources
Standard
Victory
Conquest
Starting age
Dark Age
Ending age
Imperial Age
RankedLock teamsTeams togetherTeam positionsShared explorationLock speedFull tech treeHidden civsTurbo modeCheats
Victory
Defeat
🇲🇰 Turks · North Macedonia
1002
+16
🇧🇴 Persians · Bolivia
999
-16
reduccionista
6:35 Loom
9:33 Feudal Age
11:51 Double-Bit Axe
24:42 Castle Age
23:10 Scale Barding Armor
23:20 Bloodlines
24:14 Forging
28:46 Iron Casting
32:26 Fletching
forsan
6:41 Loom
8:55 Feudal Age
11:14 Double-Bit Axe
16:29 Horse Collar
19:26 Scale Barding Armor
21:29 Wheelbarrow
25:36 Castle Age
24:16 Fletching
24:53 Gold Mining
26:52 Bow Saw
26:55 Thumb Ring
28:46 Bodkin Arrow
28:51 Padded Archer Armor
30:23 Leather Archer Armor
30:34 Ballistics
33:02 Husbandry
33:21 Bloodlines
35:31 Hand Cart
Connection lost

Rejoining the realm…

Still unreachable

The connection could not be restored.

Session expired

The server has moved on; the page needs a fresh start.